MWL (24 & UNDER)
LEE'S SUMMIT TIGERS @ MINNESOTA DEATH STARS
08/26/2025
 
TOP OF THE 1ST
Lee's Summit Tigers batting - Pitching for Minnesota Death Stars : RHP José Castro
Pitching: RHP José Castro
Batting: LHB Juan Hinojosa 0-0: Foul Ball, location: 2F
0-1: Ball
1-1: Called Strike
1-2: Foul Ball, location: 2F
1-2: Foul Ball, location: 2F
1-2: Ball
2-2: Strikes out swinging
Batting: LHB José López 0-0: Swinging Strike
0-1: Foul Ball, location: 2F
0-2: Strikes out looking
Batting: RHB Denny Washington 0-0: Ground out 4-3 (Groundball, 4M)
Top of the 1st over - 0 run(s), 0 hit(s), 0 error(s), 0 left on base; Lee's Summit 0 - Minnesota 0
BOTTOM OF THE 1ST
Minnesota Death Stars batting - Pitching for Lee's Summit Tigers : LHP Jeff Sandusky
Pitching: LHP Jeff Sandusky
Batting: SHB Manuel Jiménez 0-0: Ball
1-0: Ball
2-0: Bunted foul
2-1: Fly out, F4 (Line Drive, 4M)
Batting: RHB Abraham Hardy 0-0: Ground out 6-3 (Groundball, 6)
Batting: SHB Barrett Bowden 0-0: Ball
1-0: Ball
2-0: Ball
3-0: Base on Balls
Batting: LHB Guy Moss 0-0: Swinging Strike
0-1: Ball
1-1: Ball
2-1: Foul Ball, location: 2F
2-2: Strikes out swinging
Bottom of the 1st over - 0 run(s), 0 hit(s), 0 error(s), 1 left on base; Lee's Summit 0 - Minnesota 0
TOP OF THE 2ND
Lee's Summit Tigers batting - Pitching for Minnesota Death Stars : RHP José Castro
Batting: RHB Oliver Todd 0-0: Foul Ball, location: 2F
0-1: Swinging Strike
0-2: Ground out 6-3 (Groundball, 6M)
Batting: LHB Edward Rose 0-0: Foul Ball, location: 2F
0-1: Ground out 4-3 (Groundball, 34)
Batting: LHB Darren Holland 0-0: Ball
1-0: Swinging Strike
1-1: Ball
2-1: Swinging Strike
2-2: Foul Ball, location: 2F
2-2: Ball
3-2: Strikes out looking
Top of the 2nd over - 0 run(s), 0 hit(s), 0 error(s), 0 left on base; Lee's Summit 0 - Minnesota 0
BOTTOM OF THE 2ND
Minnesota Death Stars batting - Pitching for Lee's Summit Tigers : LHP Jeff Sandusky
Batting: RHB Christian Moss 0-0: Ball
1-0: Called Strike
1-1: Ball
2-1: SOLO HOME RUN (Flyball, 78XD), Distance : 400 ft
Batting: RHB Gabriel Ángel 0-0: Ball
1-0: Ball
2-0: Ball
3-0: Called Strike
3-1: Foul Ball, location: 2F
3-2: Base on Balls
Batting: RHB Pat Bray 0-0: Fielders Choice at 2nd, 2-6 (Groundball, 2L)
Batting: RHB Bryan MacGuffie 0-0: Ball
1-0: Ball
2-0: Fielders Choice at 2nd, 1-6 (Groundball, 23)
Batting: RHB Sean King 0-0: Ball
Bryan MacGuffie steals 2nd base
1-0: Called Strike
1-1: Foul Ball, location: 2F
1-2: Ground out 5-3 (Groundball, 56S)
Bottom of the 2nd over - 1 run(s), 1 hit(s), 0 error(s), 1 left on base; Lee's Summit 0 - Minnesota 1
TOP OF THE 3RD
Lee's Summit Tigers batting - Pitching for Minnesota Death Stars : RHP José Castro
Batting: RHB Flint Todd 0-0: Ball
1-0: Called Strike
1-1: Ground out 1-3 (Groundball, 13)
Batting: RHB Gilberto Ferrer 0-0: Called Strike
0-1: Ground out 6-3 (Groundball, 6)
Batting: RHB Rusty Bennett 0-0: Called Strike
0-1: Foul Ball, location: 2F
0-2: Strikes out swinging
Top of the 3rd over - 0 run(s), 0 hit(s), 0 error(s), 0 left on base; Lee's Summit 0 - Minnesota 1
BOTTOM OF THE 3RD
Minnesota Death Stars batting - Pitching for Lee's Summit Tigers : LHP Jeff Sandusky
Batting: SHB Manuel Jiménez 0-0: Ball
1-0: Ball
2-0: Ground out 4-3 (Groundball, 4)
Batting: RHB Abraham Hardy 0-0: Foul Ball, location: 2F
0-1: Foul Ball, location: 2F
0-2: Fly out, F7 (Flyball, 7S)
Batting: SHB Barrett Bowden 0-0: Called Strike
0-1: Fly out, F9 (Line Drive, 89M)
Bottom of the 3rd over - 0 run(s), 0 hit(s), 0 error(s), 0 left on base; Lee's Summit 0 - Minnesota 1
TOP OF THE 4TH
Lee's Summit Tigers batting - Pitching for Minnesota Death Stars : RHP José Castro
Batting: LHB Juan Hinojosa 0-0: Ball
1-0: Fly out, F7 (Flyball, 78D)
Batting: LHB José López 0-0: Foul Ball, location: 2F
0-1: Foul Ball, location: 2F
0-2: Ball
1-2: SINGLE (Line Drive, 4M)
Batting: RHB Denny Washington 0-0: Ball
1-0: Fly out, F4 (Popup, 4MD)
Batting: RHB Oliver Todd 0-0: Called Strike
José López is caught stealing 2nd base
Top of the 4th over - 0 run(s), 1 hit(s), 0 error(s), 0 left on base; Lee's Summit 0 - Minnesota 1
BOTTOM OF THE 4TH
Minnesota Death Stars batting - Pitching for Lee's Summit Tigers : LHP Jeff Sandusky
Batting: LHB Guy Moss 0-0: Ball
1-0: Foul Ball, location: 2F
1-1: Ground out 2-3 (Groundball, 2L)
Batting: RHB Christian Moss 0-0: Ground out 5-3 (Groundball, 15S)
Batting: RHB Gabriel Ángel 0-0: Called Strike
0-1: Ball
1-1: Ball
2-1: Ground out 6-3 (Groundball, 6)
Bottom of the 4th over - 0 run(s), 0 hit(s), 0 error(s), 0 left on base; Lee's Summit 0 - Minnesota 1
TOP OF THE 5TH
Lee's Summit Tigers batting - Pitching for Minnesota Death Stars : RHP José Castro
Batting: RHB Oliver Todd 0-0: Called Strike
0-1: Ball
1-1: SINGLE (Line Drive, 8LS)
Batting: LHB Edward Rose 0-0: Called Strike
0-1: Ball
1-1: Foul Ball, location: 2F
1-2: Ball
2-2: Foul Ball, location: 2F
2-2: Foul Ball, location: 2F
2-2: Ball
3-2: Base on Balls
Oliver Todd to second
Batting: LHB Darren Holland 0-0: Called Strike
0-1: Ball
1-1: Foul Ball, location: 2F
1-2: Ball
2-2: Ball
3-2: Strikes out swinging
Batting: RHB Flint Todd 0-0: Ball
1-0: Ball
2-0: Called Strike
2-1: SINGLE (Groundball, 6M)
Oliver Todd to third
Edward Rose to second
Batting: RHB Gilberto Ferrer 0-0: Ball
1-0: SINGLE (Groundball, 34S) (infield hit)
Oliver Todd scores
Edward Rose to third
Flint Todd to second
Pinch Runner at 1st Juan Glaviz:
Batting: RHB Rusty Bennett 0-0: Fly out, F9 (Flyball, 9D)
Runner from 3rd tags up, SCORES, no throw
Batting: LHB Juan Hinojosa 0-0: Ball
1-0: Ball
2-0: Ball
3-0: Called Strike
3-1: Called Strike
3-2: Strikes out swinging
Top of the 5th over - 2 run(s), 3 hit(s), 0 error(s), 2 left on base; Lee's Summit 2 - Minnesota 1
BOTTOM OF THE 5TH
Minnesota Death Stars batting - Pitching for Lee's Summit Tigers : LHP Jeff Sandusky
Now at SS: Juan Glaviz
Batting: RHB Pat Bray 0-0: Swinging Strike
0-1: Foul Ball, location: 2F
0-2: Foul Ball, location: 2F
0-2: Ball
1-2: Foul Ball, location: 2F
1-2: Ball
2-2: Strikes out swinging
Batting: RHB Bryan MacGuffie 0-0: Ball
1-0: Ball
2-0: Ball
3-0: Base on Balls
Batting: RHB Sean King 0-0: Ball
1-0: Grounds into double play, 6-4-3 (Groundball, 6)
Bottom of the 5th over - 0 run(s), 0 hit(s), 0 error(s), 0 left on base; Lee's Summit 2 - Minnesota 1
TOP OF THE 6TH
Lee's Summit Tigers batting - Pitching for Minnesota Death Stars : RHP José Castro
Batting: LHB José López 0-0: Ball
1-0: Fly out, F7 (Flyball, 7M)
Batting: RHB Denny Washington 0-0: Ball
1-0: Ground out 6-3 (Groundball, 6)
Batting: RHB Oliver Todd 0-0: Ball
1-0: Ball
2-0: Swinging Strike
2-1: Ball
3-1: Swinging Strike
3-2: Base on Balls
Batting: LHB Edward Rose 0-0: Ball
1-0: Ball
2-0: Ground out 4-3 (Groundball, 4)
Top of the 6th over - 0 run(s), 0 hit(s), 0 error(s), 1 left on base; Lee's Summit 2 - Minnesota 1
BOTTOM OF THE 6TH
Minnesota Death Stars batting - Pitching for Lee's Summit Tigers : LHP Jeff Sandusky
Batting: SHB Manuel Jiménez 0-0: Foul Ball, location: 2F
0-1: Foul Ball, location: 2F
0-2: Ground out 4-3 (Groundball, 4M)
Batting: RHB Abraham Hardy 0-0: Swinging Strike
0-1: Foul Ball, location: 2F
0-2: Ball
1-2: Ball
2-2: Foul Ball, location: 2F
2-2: Ball
3-2: Foul Ball, location: 2F
3-2: Ground out 2-3 (Groundball, 25)
Batting: SHB Barrett Bowden 0-0: Ball
1-0: Foul Ball, location: 2F
1-1: Swinging Strike
1-2: Ball
2-2: Foul Ball, location: 2F
2-2: Foul Ball, location: 2F
2-2: Foul Ball, location: 2F
2-2: Ball
3-2: Strikes out swinging
Bottom of the 6th over - 0 run(s), 0 hit(s), 0 error(s), 0 left on base; Lee's Summit 2 - Minnesota 1
TOP OF THE 7TH
Lee's Summit Tigers batting - Pitching for Minnesota Death Stars : RHP José Castro
Batting: LHB Darren Holland 0-0: Ball
1-0: Called Strike
1-1: Called Strike
1-2: Ball
2-2: SINGLE (Groundball, 25) (infield hit)
Pitching: RHP Howard Jewel
Batting: RHB Flint Todd 0-0: Called Strike
Darren Holland steals 2nd base
0-1: Swinging Strike
0-2: Ball
1-2: Ball
2-2: Ball
3-2: Base on Balls
Batting: SHB Juan Glaviz 0-0: Called Strike
Darren Holland is caught stealing 3rd base
Flint Todd to second
0-1: Called Strike
0-2: Hit by Pitch
Batting: RHB Rusty Bennett 0-0: Called Strike
0-1: Ball
1-1: Ball
2-1: Swinging Strike
2-2: Foul Ball, location: 2F
2-2: SINGLE (Groundball, 3)
Flint Todd to third
Juan Glaviz to second
Runner from 3rd tries for Home, SAFE, no throw or cutoff
Batting: LHB Juan Hinojosa 0-0: Ball
1-0: Ball
Juan Glaviz steals 3rd base
Rusty Bennett to second
2-0: Called Strike
2-1: Called Strike
2-2: Ball
3-2: Base on Balls
Batting: LHB José López 0-0: Fly out, F7 (Flyball, 78M)
Runner from 3rd tags up, SCORES, no throw
Batting: RHB Denny Washington 0-0: Ball
Wild Pitch!
Rusty Bennett to third
Juan Hinojosa to second
1-0: Called Strike
1-1: Swinging Strike
1-2: Strikes out swinging
Top of the 7th over - 2 run(s), 2 hit(s), 0 error(s), 2 left on base; Lee's Summit 4 - Minnesota 1
BOTTOM OF THE 7TH
Minnesota Death Stars batting - Pitching for Lee's Summit Tigers : LHP Jeff Sandusky
Batting: LHB Guy Moss 0-0: Ball
1-0: Ball
2-0: Ball
3-0: Base on Balls
Pitching: RHP Kirby Graham
Batting: RHB Christian Moss 0-0: Ball
1-0: Ball
Wild Pitch!
Guy Moss to second
2-0: DOUBLE (Flyball, 9D)
Guy Moss scores
Batting: RHB Gabriel Ángel 0-0: Called Strike
0-1: Ball
1-1: Ball
2-1: Foul Ball, location: 2F
2-2: Ball
3-2: Foul Ball, location: 2F
3-2: Base on Balls
Batting: RHB Pat Bray 0-0: Ball
1-0: Ball
2-0: Called Strike
2-1: Sac Bunt - play at first, batter OUT! 5-3
Christian Moss to third
Gabriel Ángel to second
Pinch Hitting: RHB Vincent Braun 0-0: Ball
1-0: Called Strike
1-1: SINGLE (Flyball, 8RS) - OUT at second base trying to stretch hit.
Christian Moss scores
Gabriel Ángel scores
Pinch Hitting: RHB Donato Gozende 0-0: Called Strike
0-1: Foul Ball, location: 2F
0-2: Ball
1-2: DOUBLE (Line Drive, 7M)
Pinch Hitting: LHB Rob Davidson 0-0: Ball
1-0: Ball
2-0: Ball
3-0: Called Strike
3-1: Base on Balls
Pinch Hitting: LHB Sergio Luna 0-0: Called Strike
0-1: Ball
1-1: Swinging Strike
1-2: Ball
2-2: Ball
3-2: Foul Ball, location: 2F
3-2: Strikes out looking
Bottom of the 7th over - 3 run(s), 3 hit(s), 0 error(s), 2 left on base; Lee's Summit 4 - Minnesota 4
TOP OF THE 8TH
Lee's Summit Tigers batting - Pitching for Minnesota Death Stars : RHP Howard Jewel
Now at 3B: Domingo Pérez
Now in LF: Donato Gozende
Now in CF: Gilberto Tovar
Now in RF: Sergio Luna
Pinch Hitting: LHB Ramiro Martínez 0-0: Called Strike
0-1: Called Strike
0-2: SINGLE (Line Drive, 89S)
Batting: LHB Edward Rose 0-0: Grounds into double play, 5-4-3 (Groundball, 5D)
Pinch Hitting: LHB Tomás Téllez 0-0: Called Strike
0-1: Swinging Strike
0-2: Ball
1-2: Foul Ball, location: 2F
1-2: Ground out 5-3 (Groundball, 5L)
Top of the 8th over - 0 run(s), 1 hit(s), 0 error(s), 0 left on base; Lee's Summit 4 - Minnesota 4
BOTTOM OF THE 8TH
Minnesota Death Stars batting - Pitching for Lee's Summit Tigers : RHP Kirby Graham
Now in CF: Ramiro Martínez
Now in RF: Kyle Baylor
Batting: SHB Barrett Bowden 0-0: Ball
1-0: Ball
2-0: Foul Ball, location: 2F
2-1: Ball
3-1: Swinging Strike
3-2: Base on Balls
Pitching: LHP Pedro Rodríguez
Batting: LHB Guy Moss 0-0: Ball
1-0: Ball
2-0: TRIPLE (Groundball, 3L)
Barrett Bowden scores
Batting: RHB Christian Moss 0-0: Ball
1-0: Ball
2-0: Fly out, F8 (Flyball, 8RM)
Runner from 3rd tags up, SCORES, no throw
Batting: RHB Gabriel Ángel 0-0: Foul Ball, location: 2F
0-1: Fly out, F3 (Popup, 3L)
Batting: RHB Pat Bray 0-0: Ball
1-0: SINGLE (Line Drive, 3)
Batting: RHB Gilberto Tovar 0-0: Ball
1-0: Fly out, F9 (Flyball, 89M)
Bottom of the 8th over - 2 run(s), 2 hit(s), 0 error(s), 1 left on base; Lee's Summit 4 - Minnesota 6
TOP OF THE 9TH
Lee's Summit Tigers batting - Pitching for Minnesota Death Stars : RHP Howard Jewel
Batting: RHB Flint Todd 0-0: Called Strike
0-1: Ground out 4-3 (Groundball, 4M)
Batting: SHB Juan Glaviz 0-0: Ball
1-0: Fly out, F4 (Popup, 4MS)
Batting: RHB Rusty Bennett 0-0: Ball
1-0: Swinging Strike
1-1: Foul Ball, location: 2F
1-2: Strikes out swinging
Top of the 9th over - 0 run(s), 0 hit(s), 0 error(s), 0 left on base; Lee's Summit 4 - Minnesota 6
This league is powered by Out of the Park Baseball, the baseball management simulation game for PC, Mac and Linux
Tuesday, August 2nd, 2016 - OOTP Baseball 16.8 Build 38